 Dungeon Crawl Stone Soup version 0.22.1-1-ga44c0e5 (webtiles) character file.

5707 brandon the Thaumaturge (level 10, 0/64 HPs)
             Began as a Deep Elf Fire Elementalist on Oct 8, 2018.
             Was a Follower of Vehumet.
             Slain by an orc warrior
             ... wielding a +1 dire flail of crushing
              (4 damage)
             ... on level 8 of the Dungeon.
             The game lasted 00:24:31 (8362 turns).

brandon the Thaumaturge (DEFE)                      Turns: 8362, Time: 00:24:32

Health: 0/64       AC:  9    Str: 11    XL:     10   Next: 48%
Magic:  1/27       EV: 13    Int: 21    God:    Vehumet [*.....]
Gold:   385        SH:  0    Dex: 15    Spells: 14/32 levels left

rFire    . . .     SeeInvis .   w - +7 whip "Puodarr" {flame, +Blink rN+ Int-3}
rCold    . . .     Gourm    .   (no shield)
rNeg     + . .     Faith    .   v - +2 robe of Piet Sac {Regen+ Str+6}
rPois    .         Spirit   .   h - +0 helmet
rElec    .         Reflect  .   n - +0 cloak
rCorr    .         Harm     .   o - +1 pair of gloves
MR       +....                  g - +0 pair of boots
Stlth    ++........             (no amulet)
HPRegen  0.60/turn              (no ring)
MPRegen  0.20/turn              (no ring)

@: no status effects
A: hooves 1, robust 1
a: Renounce Religion, Evoke Blink


You were on level 8 of the Dungeon.
You worshipped Vehumet.
Vehumet was aware of your devotion.
You were not hungry.

You visited 2 branches of the dungeon, and saw 9 of its levels.

You collected 413 gold pieces.
You spent 28 gold pieces at shops.

Inventory:

Hand Weapons
 w - the +7 whip "Puodarr" (weapon) {flame, +Blink rN+ Int-3}
   (You took it off an orc wizard on level 5 of the Dungeon)

   It has been specially enchanted to burn those struck by it, causing extra
   injury to most foes and up to half again as much damage against particularly
   susceptible opponents.
   It affects your intelligence (-3).
   It protects you from negative energy.
   It lets you blink.
Armour
 g - a +0 pair of boots (worn)
 h - a +0 helmet (worn)
 n - a +0 cloak (worn)
 o - a +1 pair of gloves (worn)
 v - the +2 robe of Piet Sac (worn) {Regen+ Str+6}
   (You found it on level 4 of the Dungeon)

   It affects your strength (+6).
   It increases your rate of regeneration.
Magical Staves
 x - an uncursed staff of wizardry
Wands
 u - a wand of flame (23)
 C - a wand of acid (9)
Scrolls
 d - 2 scrolls of teleportation
 i - 2 scrolls of random uselessness {unknown}
 j - a scroll of magic mapping {unknown}
 k - a scroll of fear {unknown}
 l - 4 scrolls of remove curse
 m - a scroll of enchant armour {unknown}
 p - a scroll of noise {unknown}
 q - 2 scrolls of fog {unknown}
 r - a scroll of amnesia {unknown}
Potions
 a - a potion of heal wounds {unknown}
 b - 2 potions of ambrosia
 e - a potion of haste
 s - a potion of invisibility {unknown}
 t - a potion of mutation
 z - 3 potions of might
Comestibles
 c - 17 rations
 f - 3 chunks of flesh


   Skills:
 + Level 5.0 Fighting
 - Level 2.4 Dodging
 - Level 2.4 Stealth
 * Level 11.8 Spellcasting
 + Level 9.7 Conjurations
 + Level 8.6 Fire Magic


You had 14 spell levels left.
You knew the following spells:

 Your Spells              Type           Power        Failure   Level  Hunger
a - Flame Tongue          Conj/Fire      #####        1%          1    None
b - Magic Dart            Conj           ####         1%          1    None
c - Conjure Flame         Conj/Fire      ######..     1%          3    None
d - Sticky Flame          Conj/Fire      ######..     1%          4    #......
e - Fireball              Conj/Fire      ######....   3%          5    ####...
f - Throw Flame           Conj/Fire      ######       1%          2    None
g - Blink                 Tloc           N/A          9%          2    None

Your spell library contained the following spells:

 Spells                   Type           Power        Failure   Level  Hunger
 Shock                    Conj/Air       ####         1%          1    None
 Inner Flame              Hex/Fire       ####....     2%          3    None
 Mephitic Cloud           Conj/Pois/Air  ####....     4%          3    None
 Call Imp                 Summ           ##......     9%          2    None
 Slow                     Hex            ##......     9%          2    None


Dungeon Overview and Level Annotations

Branches:
Dungeon (8/15)             Temple (1/1) D:6
   Lair: D:8-11

Altars:
Ashenzari
Cheibriados
Dithmenos
Elyvilon
Fedhas
Gozag
Hepliaklqana
Kikubaaqudgha
Makhleb
Nemelex Xobeh
Okawaru
Qazlal
Ru
Sif Muna
Trog
Uskayaw
Vehumet
Wu Jian
Xom
Yredelemnul
Zin

Shops:
D:4 }   D:6 =

Annotations:
D:2 1 runed door
D:7 2 runed doors, exclusion: orange crystal statue
D:8 Harold


Innate Abilities, Weirdness & Mutations

You have large cloven feet.
You are robust. (+10% HP)


Message History

Wield which item (- for none, * to show all)? (? for menu, Esc to quit)
The +7 whip "Puodarr" {flame, +Blink rN+ Int-3} bursts into flame!
w - the +7 whip "Puodarr" (weapon)
{flame, +Blink rN+ Int-3} You hit the orc wizard.
You burn the orc wizard.
The orc wizard is heavily wounded.
The orc wizard completely misses you.
Unknown command.
You barely miss the orc wizard.
The orc wizard is heavily wounded.
The orc warrior throws a tomahawk of returning.
The tomahawk of returning barely misses you.
The weapon returns to the orc warrior!
The orc wizard hits you but does no damage.
Unknown command.
You hit the orc wizard but do no damage.
The orc wizard is heavily wounded.
The orc wizard hits you but does no damage.
The orc warrior hits you with a dire flail of crushing!
* * * LOW HITPOINT WARNING * * *
You die...

# #.# ..
####.####
#.......# #
#.# #.##.#
#....####
#....@o.#
#.##o##(#
......##.#
###....##.#
#.#####.#
#.#####o#
#...)...#
#.#######


You could see an orc warrior and an orc wizard.

Vanquished Creatures
  Erica (D:8)
  2 two-headed ogres (D:8)
  A manticore (D:8)
  Joseph (D:7)
  2 hippogriffs (D:7)
  A hog (D:7)
  A water moccasin (D:6)
  An orc warrior (D:7)
  A sky beast (D:6)
  2 phantoms
  An ogre (D:8)
  3 centaurs
  A big kobold (D:8)
  A bullfrog (D:8)
  2 scorpions
  6 killer bees (D:7)
  4 wights (D:7)
  2 howler monkeys (D:4)
  7 crimson imps
  A bullfrog zombie (D:6)
  3 hounds
  5 orc priests
  A centaur skeleton (D:8)
  A bullfrog skeleton (D:8)
  7 orc wizards
  3 worker ants
  2 hound skeletons
  Robin (D:3)
  2 worker ant zombies
  7 adders
  2 shadow imps
  An adder skeleton (D:4)
  4 worms
  2 dart slugs (D:3)
  3 leopard geckos
  32 orcs
  A ball python (D:1)
  4 giant cockroaches
  18 goblins
  7 hobgoblins
  12 jackals
  3 quokkas
  4 bats
  7 frilled lizards
  11 kobolds
  A leopard gecko zombie (D:8)
  A quokka skeleton (D:4)
  5 rats
191 creatures vanquished.

Notes
Turn   | Place    | Note
-------+----------+-------------------------------------------
     0 | D:1      | brandon the Deep Elf Fire Elementalist began the quest for
                  | the Orb.
     0 | D:1      | Reached XP level 1. HP: 10/10 MP: 6/6
   146 | D:1      | Reached XP level 2. HP: 15/15 MP: 6/8
   154 | D:1      | Learned a level 2 spell: Throw Flame
   939 | D:2      | Reached XP level 3. HP: 19/19 MP: 3/10
   946 | D:2      | Learned a level 3 spell: Conjure Flame
  1042 | D:2      | Found a runed door.
  1627 | D:3      | Reached XP level 4. HP: 24/24 MP: 4/11
  1633 | D:3      | Learned a level 4 spell: Sticky Flame
  1728 | D:3      | Reached skill level 4 in Spellcasting
  1984 | D:3      | Found a bloodstained altar of Trog.
  2086 | D:3      | Reached XP level 5. HP: 28/28 MP: 3/13
  2533 | D:4      | Noticed Robin
  2704 | D:3      | Reached XP level 6. HP: 26/32 MP: 11/15
  3040 | D:3      | Reached skill level 5 in Spellcasting
  3040 | D:3      | Reached skill level 5 in Conjurations
  3042 | D:3      | Killed Robin
  3401 | D:4      | Learned a level 5 spell: Fireball
  3454 | D:4      | Found Igrowink's Gadget Boutique.
  3530 | D:4      | Reached skill level 5 in Fire Magic
  3593 | D:4      | Reached XP level 7. HP: 21/36 MP: 1/17
  3843 | D:4      | Got a silken robe
  3854 | D:4      | Identified the +2 robe of Piet Sac {Regen+ Str+6} (You
                  | found it on level 4 of the Dungeon)
  3954 | D:5      | Entered Level 5 of the Dungeon
  3994 | D:5      | Noticed a moth of wrath
  3997 | D:5      | Found a bloodstained altar of Trog.
  4022 | D:5      | Got a warped whip {flame}
  4031 | D:5      | Identified the +7 whip "Puodarr" {flame, +Blink rN+ Int-3}
                  | (You took it off an orc wizard on level 5 of the Dungeon)
  4213 | D:5      | Found a sacrificial altar of Ru.
  4351 | D:5      | Reached skill level 1 in Fighting
  4351 | D:5      | Reached skill level 6 in Spellcasting
  4502 | D:6      | Found Fughesac's Jewellery Emporium.
  4507 | D:6      | Bought a cursed -4 ring of dexterity for 28 gold pieces
  4511 | D:6      | Gained mutation: You are dopey. (Int -2) [potion of
                  | mutation]
  4511 | D:6      | Gained mutation: You have large cloven feet. [potion of
                  | mutation]
  4513 | D:6      | Lost mutation: You are dopey. (Int -2) [potion of mutation]
  4513 | D:6      | Lost mutation: You have large cloven feet. [potion of
                  | mutation]
  4513 | D:6      | Gained mutation: You have large cloven feet. [potion of
                  | mutation]
  4513 | D:6      | Gained mutation: You are robust. (+10% HP) [potion of
                  | mutation]
  4535 | D:6      | Reached XP level 8. HP: 24/47 MP: 3/19
  4691 | D:6      | Learned a level 1 spell: Magic Dart
  4694 | D:6      | Learned a level 2 spell: Blink
  5244 | D:6      | Found a staircase to the Ecumenical Temple.
  5285 | D:6      | Found a hide-covered altar of Uskayaw.
  5402 | Temple   | Entered the Ecumenical Temple
  5496 | Temple   | Became a worshipper of Vehumet
  6029 | D:7      | Reached skill level 7 in Spellcasting
  6172 | D:7      | Found the +10 large shield of Ignorance {rN+ Int-4}
  6177 | D:7      | Found a runed door.
  6187 | D:7      | Noticed an orange crystal statue
  6208 | D:7      | Found a runed door.
  6314 | D:7      | Found an ornate altar of the Wu Jian Council.
  6318 | D:7      | Noticed a hippogriff
  6330 | D:7      | Killed a hippogriff
  6526 | D:7      | Reached skill level 8 in Spellcasting
  6748 | D:7      | Noticed a hippogriff
  6757 | D:7      | Killed a hippogriff
  6757 | D:7      | Reached XP level 9. HP: 55/55 MP: 3/23
  6926 | D:7      | Noticed Joseph
  7085 | D:7      | Reached * piety under Vehumet
  7085 | D:7      | Offered knowledge of Shock by Vehumet.
  7086 | D:7      | Killed Joseph
  7086 | D:7      | Reached skill level 9 in Spellcasting
  7407 | D:7      | Found a deep blue altar of Sif Muna.
  7407 | D:7      | Found an iron altar of Okawaru.
  7407 | D:7      | Found a basalt altar of Yredelemnul.
  7407 | D:7      | Found a snail-covered altar of Cheibriados.
  7530 | D:8      | Noticed a two-headed ogre
  7543 | D:8      | Killed a two-headed ogre
  7543 | D:8      | Reached skill level 10 in Spellcasting
  7628 | D:8      | Noticed a two-headed ogre
  7641 | D:8      | Killed a two-headed ogre
  7641 | D:8      | Reached XP level 10. HP: 63/63 MP: 12/26
  7849 | D:8      | Noticed Erica
  7855 | D:8      | Killed Erica
  7855 | D:8      | Reached skill level 11 in Spellcasting
  8112 | D:8      | Noticed a manticore
  8195 | D:8      | Killed a manticore
  8242 | D:8      | Reached skill level 5 in Fighting
  8246 | D:8      | Noticed Harold
  8354 | D:8      | HP: 2/64 [orc warrior/tomahawk of returning (7)]
  8362 | D:8      | Slain by an orc warrior

Skill      XL: |  1  2  3  4  5  6  7  8  9 10 |
---------------+-------------------------------+-----
Conjurations   | 2 3 4 5 7 8 9 |  9.7
Spellcasting   | 4 5 6 8 10 11 | 11.8
Fire Magic     | 4 5 6 8 |  8.6
Fighting       | 1 3 4 5 |  5.0
Dodging        | |  2.4
Stealth        | |  2.4

Action                   |  1- 3 |  4- 6 |  7- 9 | 10-12 || total
-------------------------+-------+-------+-------+-------++-------
Melee: Dagger            |     1 |       |       |       ||     1
       War axe           |       |    43 |     3 |       ||    46
       Staff             |       |       |    10 |       ||    10
       Whip              |       |       |       |     3 ||     3
 Cast: Flame Tongue      |    65 |    92 |   119 |    20 ||   296
       Throw Flame       |     5 |     8 |     5 |       ||    18
       Conjure Flame     |       |     1 |     3 |       ||     4
       Sticky Flame      |       |       |    21 |    13 ||    34
       Magic Dart        |       |       |    73 |    19 ||    92
       Fireball          |       |       |    11 |     8 ||    19
  Use: Scroll            |     2 |     1 |     7 |     2 ||    12
       Potion            |       |     3 |     2 |     2 ||     7
  Eat: Chunk             |     2 |     4 |     8 |     3 ||    17
       Ration            |       |     1 |     2 |       ||     3
Armor: Robe              |     2 |    36 |    23 |     9 ||    70
Dodge: Dodged            |    12 |    91 |    42 |    22 ||   167
